 Dungeon Crawl Stone Soup version 0.29-a0-334-gb41bcbb86e (webtiles) character file.

Game seed: 11224892196376585498

639 HendSelp the Quickloader (level 7, -5/52 HPs)
             Began as a Human Hunter on Apr 13, 2022.
             Was an Initiate of Okawaru.
             Killed from afar by a steam dragon (15 damage)
             ... with a ball of steam
             ... on level 4 of the Dungeon.
             The game lasted 00:04:27 (3404 turns).

HendSelp the Quickloader (Human Hunter)             Turns: 3404, Time: 00:04:28

Health: -5/52      AC:  4    Str: 11    XL:     7   Next: 80%
Magic:  7/7        EV: 13    Int: 16    God:    Okawaru [......]
Gold:   204        SH:  0    Dex: 18    Spells: 6/6 levels left

rFire   . . .      SeeInvis .   a - +2 hand crossbow
rCold   . . .      Faith    .   (no shield)
rNeg    + . .      Spirit   .   b - +1 leather armour
rPois   .          Reflect  .   (no helmet)
rElec   .          Harm     .   (no cloak)
rCorr   .          Rampage  .   (no gloves)
Will    .....                   (no boots)
Stlth   ++........              (no amulet)
HPRegen 0.17/turn               m - ring of positive energy
MPRegen 0.10/turn               l - +6 ring of intelligence

@: no status effects
A: no striking features
a: Renounce Religion


You were on level 4 of the Dungeon.
You worshipped Okawaru.
Okawaru was noncommittal.
You visited 2 branches of the dungeon, and saw 5 of its levels.

You collected 204 gold pieces.

Inventory:

Hand Weapons
 a - a +2 hand crossbow (weapon)
Armour
 b - a +1 leather armour (worn)
Jewellery
 l - a +6 ring of intelligence (right hand)
 m - a ring of positive energy (left hand)
Scrolls
 o - a scroll of enchant weapon
Potions
 c - 2 potions of brilliance
 e - 4 potions of flight
 f - a potion of ambrosia
 g - 3 potions of cancellation
 j - 2 potions of degeneration {unknown}
 k - a potion of berserk rage {unknown}
 n - a potion of resistance {unknown}
 r - a potion of mutation {unknown}


   Skills:
 * Level 3.5 Fighting
 * Level 8.0 Crossbows
 * Level 3.1 Dodging
 - Level 1.0 Stealth


You had 6 spell levels left.
You didn't know any spells.
Your spell library was empty.

Dungeon Overview and Level Annotations

Branches:
Dungeon (4/15)             Temple (1/1) D:4

Altars:
Ashenzari
Cheibriados
Dithmenos
Elyvilon
Fedhas
Gozag
Hepliaklqana
Kikubaaqudgha
Makhleb
Nemelex Xobeh
Okawaru
Qazlal
Ru
Sif Muna
Uskayaw
Vehumet
Wu Jian
Xom
Yredelemnul
Zin
The Shining One


Message History

You feel better. The steam dragon barely misses you.
The steam dragon closely misses you.
You feel better. The steam dragon breathes steam at you.
The ball of steam hits you!
Shoot: a) +2 hand crossbow
Press: ? - help, Q - select action Shift-Dir - straight line, f/p - steam dragon
Aim: a steam dragon (severely wounded, catching its breath, 69% to hit)
You shoot a bolt.
The bolt closely misses the steam dragon.
You are engulfed in a cloud of scalding steam.
The steam dragon closely misses you. The steam dragon claws you.
* * * LOW HITPOINT WARNING * * *
You are engulfed in a cloud of scalding steam.
* * * LOW HITPOINT WARNING * * *
The steam dragon attacks as you move away!
The steam dragon closely misses you. The steam dragon claws you.
* * * LOW HITPOINT WARNING * * *
Shoot: a) +2 hand crossbow
Press: ? - help, Q - select action Shift-Dir - straight line, f/p - steam dragon
Aim: a steam dragon (severely wounded, catching its breath, 69% to hit)
You shoot a bolt.
The bolt closely misses the steam dragon.
The steam dragon bites you but does no damage.
The steam dragon closely misses you.
Shoot: a) +2 hand crossbow
Press: ? - help, Q - select action Shift-Dir - straight line, f/p - steam dragon
Aim: a steam dragon (severely wounded, 69% to hit)
You shoot a bolt.
The bolt barely misses the steam dragon.
The steam dragon bites you but does no damage.
The steam dragon barely misses you.
Shoot: a) +2 hand crossbow
Press: ? - help, Q - select action Shift-Dir - straight line, f/p - steam dragon
Aim: a steam dragon (severely wounded, 69% to hit)
You shoot a bolt. The bolt hits the steam dragon.
The steam dragon is severely wounded.
The steam dragon breathes steam at you. The ball of steam hits you!
You die...

*,*,,,*,,* **,*,*,*,,*
,,,,,,,,,,* *,****,**** *,*
*,* ,,* *,* ### ,,****,*
##.## ### ,,,,,,,*
##§#D######.##### ,,******
#.###@..........#
,,**######*##.#.######.###.#
***,......####.## ### #.#
***,#..........# #.#
,,**###...#.#### #.#
,,,,,⌠###*#§## #.#
,,,,,,*,,*##.## #.#
*,,,,,*,,,,##.###### #.#
***,,**,,,,,#..#≈≈≈### #.#


You could see a steam dragon (catching breath).

Vanquished Creatures
  Sigmund (D:2)
  A black bear (D:4)
  An ogre (D:4)
  A howler monkey (D:4)
  A jelly (D:4)
  A hound (D:3)
  An orc priest (D:3)
  A gnoll (D:1)
  9 adders
  4 dart slugs
  An orc (D:3)
  A ball python (D:1)
  6 bats
  5 endoplasms
  5 giant cockroaches
  3 goblins
  7 hobgoblins
  10 jackals
  4 kobolds
  3 quokkas
  3 frilled lizards
  5 rats
74 creatures vanquished.

Notes
Turn   | Place    | Note
-------+----------+-------------------------------------------
     0 | D:1      | HendSelp the Human Hunter began the quest for the Orb.
     0 | D:1      | Reached XP level 1. HP: 16/16 MP: 1/1
   324 | D:1      | Reached XP level 2. HP: 22/22 MP: 2/2
   565 | D:1      | Reached XP level 3. HP: 27/27 MP: 3/3
   742 | D:1      | Found a faded altar of an unknown god.
   959 | D:2      | Reached skill level 5 in Crossbows
  1023 | D:2      | Reached XP level 4. HP: 33/33 MP: 4/4
  1040 | D:2      | Noticed Sigmund
  1055 | D:2      | Killed Sigmund
  1056 | D:2      | Reached skill level 6 in Crossbows
  1056 | D:2      | Reached XP level 5. HP: 32/39 MP: 5/5
  1056 | D:2      | Reached XP level 6. HP: 38/46 MP: 6/6
  2203 | D:3      | Reached skill level 7 in Crossbows
  2205 | D:3      | Reached XP level 7. HP: 18/52 MP: 7/7
  2915 | D:4      | Found a staircase to the Ecumenical Temple.
  2945 | Temple   | Entered the Ecumenical Temple
  2979 | Temple   | Became a worshipper of Warmaster Okawaru
  3366 | D:4      | Reached skill level 8 in Crossbows
  3372 | D:4      | Noticed a steam dragon
  3404 | D:4      | Killed from afar by a steam dragon

Illustrated notes

Levels and vault maps discovered:
D:1:      wander_arrival_chamber, layout_loops_cross,
          hellmonk_ecumenical_altar_run_dry
D:2:      layout_rooms, minmay_misc_feat_four_crosses,
          nicolae_figureground_pulse, uniq_sigmund
D:3:      layout_loops_corners, minmay_divided_ellipse
D:4:      kennysheep_spiral_hall, layout_loops_cross,
          minmay_temple_entry_stoned_glass, kennysheep_small_circle
Temple:   minmay_crystal_snake_temple

Skill      XL: |  1  2  3  4  5  6  7 |
---------------+----------------------+-----
Crossbows      | 5 6 7 8 |  8.0
Fighting       | 3 |  3.5
Dodging        | 3 |  3.1
Stealth        | |  1.0

Action                   |  1- 3 |  4- 6 |  7- 9 || total
-------------------------+-------+-------+-------++-------
 Fire: Hand crossbow     |    65 |    92 |    56 ||   213
  Use: Scroll            |     3 |     5 |     7 ||    15
       Potion            |       |       |     5 ||     5
Armor: Leather armour    |     4 |     6 |    11 ||    21
Dodge: Dodged            |    14 |    22 |    29 ||    65

Table legend: (Time is in decaauts)
 A = Elapsed time spent in this place.
 B = Non-inter-level travel time spent in this place.
 C = Inter-level travel time spent in this place.
 D = Time resting spent in this place.
 E = Time spent auto-exploring this place.
 F = Levels seen in this place.
 G = Mean time per level.
                   A        B        C        D        E       F      G
               +--------+--------+--------+--------+--------+-----+--------+
         Total |   3453 |   3325 |    128 |    181 |   2675 |   5 |  690.6 |
       Dungeon |   3249 |   3159 |     90 |    181 |   2529 |   4 |  812.2 |
        Temple |    203 |    166 |     37 |      0 |    146 |   1 |  203.0 |
               +--------+--------+--------+--------+--------+-----+--------+

Top non-repeatable levels by time:
     D:3: 1176 daAuts
     D:1: 936 daAuts
     D:2: 754 daAuts
     D:4: 382 daAuts
  Temple: 203 daAuts
